AoeStats
← Alexis angel666

MegaRandom

510960911Analyzed
2v2 RM · 17h ago on Oct 3, 2026· 51m 14s· 4 players
Game mode
Random Map
Map size
Medium (4 player)
Population
200
Speed
Normal
Resources
Standard
Victory
Conquest
Starting age
Dark Age
Ending age
Imperial Age
RankedLock teamsTeams togetherTeam positionsShared explorationLock speedFull tech treeHidden civsTurbo modeCheats
Victory
Defeat
🇺🇸 Khmer · United States
959
+18
🇲🇽 Spanish · Mexico
904
+19
🇦🇺 Inca · Australia
1005
-19
🇫🇷 Wu · France
978
-18
Alexis angel666
6:18 Loom
12:30 Feudal Age
16:57 Castle Age
16:58 Double-Bit Axe
18:29 Horse Collar
24:24 Wheelbarrow
29:37 Hand Cart
30:20 Padded Archer Armor
37:11 Town Watch
40:35 Imperial Age
39:17 Scale Mail Armor
39:20 Gambesons
39:36 Squires
38:59 Man-at-Arms
39:42 Long Swordsman
40:43 Chain Mail Armor
40:39 Forging
41:49 Bow Saw
41:45 Heavy Plow
41:22 Two-Handed Swordsman
43:08 Plate Mail Armor
43:17 Iron Casting
44:56 Champion
46:44 Gold Mining
46:44 Stone Mining
48:07 Two-Man Saw
49:31 Blast Furnace
48:23 Fletching
48:48 Leather Archer Armor
50:11 Ring Archer Armor
49:37 Bodkin Arrow
49:48 Scale Barding Armor
50:40 Bloodlines
50:30 Husbandry
49:52 Cavalier
50:58 Chain Barding Armor
50:39 Bracer
Vinvinn
6:26 Loom
10:40 Feudal Age
11:16 Double-Bit Axe
11:13 Horse Collar
14:28 Scale Barding Armor
14:39 Forging
16:24 Fletching
16:49 Scale Mail Armor
16:43 Fletching
22:00 Castle Age
22:00 Bloodlines
22:12 Gold Mining
22:12 Stone Mining
23:29 Wheelbarrow
23:03 Husbandry
24:54 Bow Saw
28:21 Chain Mail Armor
28:43 Heavy Plow
28:43 Town Watch
30:38 Bodkin Arrow
31:15 Town Patrol
31:32 Hand Cart
31:18 Town Patrol
33:49 Iron Casting
32:35 Light Cavalry
36:35 Imperial Age
36:23 Ballistics
37:22 Siege Engineers
38:09 Bracer
38:49 Elite Ballista Elephant
39:41 Double Crossbow
42:19 Gold Shaft Mining
41:58 Bracer
42:43 Conscription
44:39 Chemistry
43:36 Murder Holes
43:51 Masonry
43:52 Fortified Wall
45:36 Hussar
47:45 Heavy Scorpion
51:00 Blast Furnace
sygtrigg
12:58 Feudal Age
14:20 Wheelbarrow
13:32 Double-Bit Axe
13:53 Horse Collar
20:03 Castle Age
18:25 Scale Barding Armor
19:10 Bloodlines
20:35 Arson
25:41 Hand Cart
25:54 Town Watch
27:11 Padded Archer Armor
27:03 Fletching
32:01 Elite Skirmisher
33:30 Town Patrol
34:10 Loom
41:29 Ballistics
41:46 Gold Mining
Gezzle
11:28 Feudal Age
9:46 Loom
17:33 Double-Bit Axe
20:10 Castle Age
19:05 Horse Collar
20:31 Pikeman
22:54 Scale Mail Armor
30:55 Wheelbarrow
33:50 Imperial Age
32:38 Andean Sling
32:40 Fletching
32:51 Padded Archer Armor
36:24 Chemistry
35:57 Ballistics
35:36 Bodkin Arrow
35:57 Leather Archer Armor
37:07 Conscription
37:45 Thumb Ring
38:04 Chain Mail Armor
38:01 Forging
40:04 Plate Mail Armor
40:14 Iron Casting
41:32 Gold Mining
42:01 Hand Cart
41:31 Town Watch
42:00 Bow Saw
41:51 Heavy Plow
42:05 Heavy Plow
42:26 Onager
43:49 Siege Engineers
45:51 Fabric Shields
47:02 Blast Furnace
47:11 Elite Kamayuk
Connection lost

Rejoining the realm…

Still unreachable

The connection could not be restored.

Session expired

The server has moved on; the page needs a fresh start.